 Dungeon Crawl Stone Soup version 0.29.1-2-gbd0b4ee654 (webtiles) character file.

Game seed: 14297012188215794831

469 Smaepdii the Chopper (level 7, -10/54 HPs)
             Began as a Human Berserker on Nov 21, 2022.
             Was a Believer of Trog.
             Mangled by an ogre
             ... wielding a +0 giant club
              (18 damage)
             ... on level 4 of the Dungeon.
             The game lasted 00:26:03 (3462 turns).

Smaepdii the Chopper (Human Berserker)              Turns: 3462, Time: 00:26:04

Health: -10/54     AC:  8    Str: 19    XL:     7   Next: 31%
Magic:  7/7        EV: 13    Int:  8    God:    Trog [**....]
Gold:   47         SH:  0    Dex: 21    Spells: 6/6 levels left

rFire   . . .      SeeInvis .   l - +4 dagger
rCold   x . .      Faith    .   (no shield)
rNeg    . . .      Spirit   .   u - +1 ring mail "Egu Pig" {rC- rCorr Dex+9}
rPois   .          Reflect  .   (no helmet)
rElec   .          Harm     .   (no cloak)
rCorr   +          Rampage  .   f - +0 pair of gloves
Will    .....                   i - +0 pair of boots
Stlth   +.........              (no amulet)
HPRegen 0.18/turn               (no ring)
MPRegen 0.10/turn               (no ring)

@: on berserk cooldown, slowed, very slow
A: no striking features
a: Renounce Religion, Berserk, Trog's Hand


You were on level 4 of the Dungeon.
You worshipped Trog.
Trog was pleased with you.
You visited 1 branch of the dungeon, and saw 4 of its levels.

You collected 107 gold pieces.
You spent 60 gold pieces at shops.

Inventory:

Hand Weapons
 a - a +0 hand axe
 e - a +0 war axe
 l - a +4 dagger (weapon)
 w - a +0 scythe of freezing
Missiles
 r - 4 javelins (quivered)
Armour
 b - a +0 animal skin
 f - a +0 pair of gloves (worn)
 i - a +0 pair of boots (worn)
 u - the +1 ring mail "Egu Pig" (worn) {rC- rCorr Dex+9}
   (You found it on level 2 of the Dungeon)

   Dex:       It affects your dexterity (+9).
   rC:        It makes you vulnerable to cold.
   rCorr:     It protects you from acid and corrosion.
Jewellery
 j - an amulet of guardian spirit
Wands
 n - a wand of flame (11)
 v - a wand of charming (11)
 y - a wand of acid (3)
Scrolls
 d - a scroll of brand weapon {unknown}
 g - a scroll of vulnerability {unknown}
 h - 2 scrolls of butterflies {unknown}
 k - a scroll of immolation {unknown}
 m - 3 scrolls of teleportation
 p - a scroll of acquirement {unknown}
 t - 2 scrolls of identify
 x - a scroll of amnesia {unknown}
Potions
 c - 2 potions of curing {unknown}
 o - a potion of attraction {unknown}
 q - a potion of flight {unknown}
 s - a potion of brilliance {unknown}
 z - 2 potions of heal wounds {unknown}
 A - a potion of resistance {unknown}


   Skills:
 + Level 4.0 Fighting
 - Level 1.0 Short Blades
 * Level 6.0 Axes
 - Level 0.4 Throwing
 + Level 2.6 Armour
 + Level 3.6 Dodging
 - Level 0.7 Evocations


You had 6 spell levels left.
You didn't know any spells.
Your spell library was empty.

Dungeon Overview and Level Annotations

Branches:
Dungeon (4/15)
 Temple: D:4-7

Altars:
Nemelex Xobeh
Zin

Shops:
D:4 (?=(:


Message History

There is an open door here.
There is a stone staircase leading up here.
There is an entrance to Hoase's Antique Weapon Boutique here.
You open the door.
There is an open door here.
Found Mecup's Magic Scroll Shoppe.
An ogre comes into view. It is wielding a +0 giant club.
Found a purple potion.
Found an escape hatch in the ceiling.
The ogre shouts!
There is an entrance to Mecup's Magic Scroll Shoppe here.
t - 2 scrolls of identify (gained 1)
m - 3 scrolls of teleportation (gained 1) Thank you for shopping at Mecup's Magic Scroll Shoppe!
Aiming: Throw Flame
Press: ? - help, Shift-Dir - straight line, f - ogre
Aim: an ogre, wielding a +0 giant club (85% to hit)
The puff of flame hits the ogre!
The ogre is moderately wounded.
Aiming: Throw Flame
Press: ? - help, Shift-Dir - straight line, f/p - ogre
Aim: an ogre, wielding a +0 giant club (moderately wounded, 85% to hit)
The puff of flame hits the ogre.
The ogre is heavily wounded.
A red film seems to cover your vision as you go berserk!
You feel yourself moving faster!
You feel mighty! The ogre misses you.
You feel a strong urge to attack something.
You feel your anger nearly subside.
You are no longer berserk.
You are exhausted.
You feel yourself slow down. The ogre hits you with a +0 giant club!
You hit the ogre.
The ogre is heavily wounded.
The ogre hits you with a +0 giant club.
You hit the ogre.
The ogre is severely wounded.
You hit the ogre.
The ogre is almost dead.
The ogre hits you with a +0 giant club!!
* * * LOW HITPOINT WARNING * * *
The ogre hits you with a +0 giant club!!
You die...

# .. ... .... .....
##♣#......
#######♣.∩.♣
#....##.O♣.!.....
#'##..#@.#...##.<
#.###.........# #.#
###.........
###∩### ###........
#.≈.≈.# ........
### ##.≈.≈.#
#.#...... ##.##
#..#<#.###...##...
#...###..#.#.#.....
...
#........#.#.......


You could see an ogre.

Vanquished Creatures
  Sigmund (D:2)
  An ogre (D:4)
  2 orc priests (D:4)
  An orc wizard (D:4)
  An iguana (D:4)
  7 adders
  A worm (D:2)
  A dart slug (D:1)
  2 orcs
  8 ball pythons
  2 endoplasms
  4 giant cockroaches
  7 goblins
  5 hobgoblins
  2 jackals (D:4)
  A quokka (D:2)
  3 bats
  3 frilled lizards
  3 kobolds
  5 rats
60 creatures vanquished.

Vanquished Creatures (others)
  An orc wizard (D:4)
1 creature vanquished.

Grand Total: 61 creatures vanquished

Notes
Turn   | Place    | Note
-------+----------+-------------------------------------------
     0 | D:1      | Smaepdii the Human Berserker began the quest for the Orb.
     0 | D:1      | Reached XP level 1. HP: 18/18 MP: 1/1
   485 | D:1      | Reached XP level 2. HP: 20/24 MP: 2/2
  1217 | D:2      | Reached XP level 3. HP: 29/29 MP: 3/3
  1425 | D:2      | Noticed Sigmund
  1552 | D:3      | Reached skill level 4 in Axes
  1553 | D:3      | Reached ** piety under Trog
  1720 | D:3      | Reached XP level 4. HP: 30/35 MP: 4/4
  1773 | D:3      | Found a glowing silver altar of Zin.
  2253 | D:2      | Identified the +1 ring mail "Egu Pig" {rC- rCorr Dex+9}
  2446 | D:2      | Killed Sigmund
  2447 | D:2      | Reached skill level 5 in Axes
  2447 | D:2      | Reached XP level 5. HP: 33/42 MP: 5/5
  2447 | D:2      | Reached XP level 6. HP: 38/48 MP: 6/6
  2717 | D:2      | Identified the +0 pair of gloves of Gozag's Fury {rElec
                  | Regen+ Str-2 Dex+6}
  2832 | D:4      | Noticed an ogre
  2837 | D:4      | Killed an ogre
  2848 | D:4      | Reached skill level 1 in Short Blades
  2977 | D:4      | Found Semab's Weapon Shoppe.
  3018 | D:4      | Found Zejar's Book Boutique.
  3058 | D:4      | Found Luaziat's Jewellery Shop.
  3081 | D:4      | Found a sparkling altar of Nemelex Xobeh.
  3093 | D:4      | Reached XP level 7. HP: 53/53 MP: 7/7
  3121 | D:4      | Reached skill level 6 in Axes
  3408 | D:4      | Found Hoase's Antique Weapon Boutique.
  3446 | D:4      | Found Mecup's Magic Scroll Shoppe.
  3451 | D:4      | Bought a scroll of identify for 24 gold pieces
  3451 | D:4      | Bought a scroll of teleportation for 36 gold pieces
  3462 | D:4      | Mangled by an ogre

Illustrated notes

Levels and vault maps discovered:
D:1:      amcnicky_arrival_abandoned_market, layout_loops_ring
D:2:      layout_basic, serial_corexii_hall, corexii_hall_statues_x,
          corexii_hall_statues_i, uniq_sigmund
D:3:      layout_rooms, zin_treasury, corexii_hall_statues_x
D:4:      layout_cave_pools, lemuel_doored_altar, serial_shops, shop_fountains,
          nicolae_shop_stone, nicolae_shop_trees, nicolae_shop_hallway_stairs,
          nicolae_shop_waterfront

Skill      XL: |  1  2  3  4  5  6  7 |
---------------+----------------------+-----
Axes           | 4 5 6 |  6.0
Dodging        | 3 |  3.6
Short Blades   | 1 |  1.0
Fighting       | 4 |  4.0
Throwing       | |  0.4
Armour         | |  2.6
Evocations     | |  0.7

Action                   |  1- 3 |  4- 6 |  7- 9 || total
-------------------------+-------+-------+-------++-------
Melee: Hand axe          |    12 |       |       ||    12
       War axe           |    57 |       |       ||    57
       Dagger            |     5 |    66 |    35 ||   106
       Punch             |       |     2 |       ||     2
Throw: Javelin           |       |    13 |       ||    13
Invok: Berserk           |     2 |     3 |     1 ||     6
       Trog's Hand       |       |     2 |       ||     2
Evoke: Wand              |       |    10 |     2 ||    12
 Stab: Distracted        |     1 |       |       ||     1
Armor: Animal skin       |    18 |     4 |       ||    22
       Ring mail         |       |    17 |    34 ||    51
Dodge: Dodged            |    49 |    28 |    29 ||   106
